Map: Hardwire LE

Players

SuperNova

  • Race: Terran Terran
  • League: Grandmaster
  • Spawn Location: 1:00

MCanning - Winner!

  • Race: Protoss Protoss
  • League: Master
  • Spawn Location: 7:00

VOD

Have the link to the VOD?

Description

Time

  • Played on: April 28, 2022, 2:39 a.m.
  • Length: 26:47
Show
View Real Time Build Order
Export as new Build Order

SuperNova Terran 

Build Orders: Mech 

Get SALT Encoding   

  12  0:00  SCV  
  13  0:13  SCV  
  14  0:17  Supply Depot  
  14  0:25  SCV  
  15  0:41  Barracks  
  15  0:44  Refinery  
  15  0:46  SCV  
  16  0:57  Refinery  
  16  0:58  SCV  
  17  1:10  SCV  
  18  1:23  SCV  
  19  1:28  Barracks Tech Lab  
  19  1:35  Orbital Command  
  19  1:41  Bunker  
  19  1:47  Concussive Shells, Marauder  
  21  1:55  Supply Depot  
  21  2:09  Marauder  
  23  2:16  Bunker  
  23  2:20  Factory  
  23  2:28  SCV  
  24  2:32  Marauder  
  24  2:35  Bunker  
  26  2:40  SCV  
  26  2:53  SCV  
  26  2:54  Marauder  
  28  3:05  SCV  
  29  3:10  Factory Tech Lab  
  29  3:17  SCV  
  30  3:20  Starport  
  30  3:23  Supply Depot  
  28  3:29  Cyclone  
  31  3:45  SCV  
  32  3:57  SCV  
  33  4:06  Command Center  
  33  4:07  Cloaking Field  
  33  4:09  SCV  
  34  4:10  Banshee  
  37  4:19  Supply Depot  
  37  4:23  SCV  
  38  4:30  Factory Tech Lab  
  38  4:35  SCV, Bunker  
  39  4:49  Siege Tank  
  39  4:52  SCV, Banshee  
  46  5:02  Barracks Reactor  
  46  5:04  SCV  
  47  5:13  Command Center  
  47  5:20  Orbital Command  
  47  5:23  SCV  
  48  5:31  Siege Tank  
  48  5:35  Raven  
  51  5:38  SCV  
  54  5:47  SCV  
  55  5:50  SCV, Refinery  
  55  5:51  Refinery  
  55  5:54  Marine x2  
  58  5:59  SCV  
  58  6:00  Supply Depot  
  58  6:02  SCV  
  60  6:11  SCV  
  60  6:12  Marine  
  62  6:21  Marine  
  62  6:22  SCV, Siege Tank  
  62  6:25  SCV, Banshee  
  68  6:28  Orbital Command  
  68  6:30  Marine  
  72  6:34  Hyperflight Rotors  
  72  6:36  SCV  
  72  6:39  SCV, Marine  
  75  6:43  Supply Depot  
  75  6:47  Marine  
  75  6:48  SCV  
  75  6:52  SCV  
  78  6:55  Supply Depot, Siege Tank  
  78  6:57  Orbital Command  
  78  7:01  SCV  
  82  7:09  SCV  
  82  7:11  Factory, Banshee  
  82  7:12  Factory  
  82  7:13  Barracks Tech Lab  
  82  7:15  SCV  
  87  7:21  SCV  
  88  7:26  SCV  
  88  7:27  SCV  
  90  7:33  SCV  
  90  7:37  Siege Tank  
  94  7:38  SCV, Bunker  
  94  7:42  SCV  
  96  7:44  Bunker  
  96  7:45  SCV  
  96  7:51  SCV, Refinery  
  98  7:54  SCV  
  98  7:56  Armory  
  98  7:58  SCV  
  100  8:00  Armory  
  100  8:01  Engineering Bay  
  100  8:03  SCV  
  101  8:06  Refinery  
  101  8:07  Supply Depot  
  101  8:23  SCV x3  
  101  8:25  Supply Depot x2  
  101  8:28  Banshee  
  101  8:29  Hellion x2  
  101  8:30  Supply Depot  
  101  8:33  Infernal Pre-Igniter  
  108  8:35  SCV  
  108  8:39  Supply Depot  
  109  8:41  Supply Depot  
  109  8:43  SCV x2, Siege Tank x2  
  109  8:46  Terran Vehicle Weapons Level 1  
  109  8:47  SCV  
  118  8:48  Terran Vehicle And Ship Armor Level 1  
  118  8:55  SCV x2  
  120  8:57  Hellion x2  
  120  8:59  SCV  
  125  9:07  SCV x2  
  125  9:08  Supply Depot  
  124  9:10  Supply Depot  
  124  9:11  SCV  
  124  9:14  Thor  
  124  9:16  Missile Turret  
  125  9:20  Missile Turret  
  123  9:24  Missile Turret x2  
  123  9:26  Missile Turret  
  123  9:30  Missile Turret  
  123  9:31  Thor  
  127  9:39  Missile Turret  
  127  9:42  Widow Mine, Missile Turret  
  132  9:50  Hellion, Supply Depot  
  132  9:51  Supply Depot  
  134  9:57  Command Center  
  131  10:04  Starport x2  
  131  10:05  Thor  
  137  10:13  Fusion Core  
  137  10:17  Thor  
  143  10:27  Missile Turret  
  143  10:30  Widow Mine  
  143  10:32  Widow Mine  
  147  10:42  Command Center  
  147  10:46  Command Center  
  147  10:49  Missile Turret  
  147  10:50  Missile Turret  
  147  10:51  Starport Tech Lab  
  147  10:52  Starport Tech Lab  
  147  10:53  Terran Vehicle And Ship Armor Level 2, Terran Ship Weapons Level 1  
  147  11:04  SCV x2  
  147  11:07  Battlecruiser  
  147  11:09  Weapon Refit  
  155  11:18  Refinery, Battlecruiser  
  161  11:22  Refinery  
  161  11:28  Battlecruiser  
  161  11:30  SCV  
  165  11:34  SCV  
  165  11:37  Planetary Fortress  
  166  11:45  SCV  
  166  11:46  SCV  
  168  11:57  SCV  
  168  11:58  SCV  
  168  12:00  Command Center  
  170  12:05  Orbital Command  
  170  12:08  Starport, Missile Turret  
  170  12:12  Battlecruiser  
  172  12:17  Missile Turret x2  
  172  12:18  Sensor Tower  
  172  12:19  SCV x2  
  172  12:20  SCV  
  172  12:21  SCV  
  172  12:22  Battlecruiser  
  180  12:25  Missile Turret  
  180  12:32  Battlecruiser  
  186  12:41  Command Center  
  186  12:45  Starport Tech Lab  
  186  12:46  Command Center  
  186  12:47  Planetary Fortress  
  186  12:49  Terran Ship Weapons Level 2  
  186  12:57  Refinery  
  186  13:11  Terran Vehicle And Ship Armor Level 3  
  186  13:14  Refinery  
  186  13:16  Battlecruiser  
  189  13:24  Battlecruiser  
  193  13:40  Battlecruiser  
  178  13:45  Missile Turret x2  
  175  13:52  Orbital Command  
  175  13:58  Refinery  
  175  13:59  Battlecruiser, Missile Turret x2  
  176  14:09  Thor  
  176  14:22  SCV  
  176  14:23  SCV, Missile Turret x2  
  178  14:25  Battlecruiser  
  178  14:33  Orbital Command  
  150  14:40  Widow Mine  
  150  14:42  SCV  
  150  14:45  Battlecruiser  
  149  14:48  Widow Mine x2  
  149  14:49  SCV x3  
  155  14:54  SCV  
  156  15:03  Widow Mine  
  157  15:10  Widow Mine  
  152  15:37  Terran Ship Weapons Level 3  
  152  15:41  Command Center  
  152  15:43  Command Center  
  152  15:45  Refinery  
  152  15:47  Orbital Command  
  152  15:48  Drilling Claws  
  154  15:50  Widow Mine x2  
  154  15:51  Refinery  
  156  16:01  Command Center  
  156  16:02  Hellion x2  
  160  16:07  SCV x4  
  166  16:11  Hellion x2  
  154  16:19  Battlecruiser  
  154  16:23  Hellion x2  
  154  16:25  Missile Turret  
  163  16:39  Battlecruiser  
  169  16:40  SCV  
  169  16:44  Missile Turret x2  
  169  16:45  Missile Turret  
  170  16:47  Refinery  
  170  16:48  Refinery  
  170  16:50  Missile Turret x2  
  170  16:51  Missile Turret  
  167  16:55  Missile Turret  
  165  17:03  Battlecruiser  
  169  17:10  Widow Mine x2  
  169  17:11  Widow Mine x2  
  157  17:32  Widow Mine x4  
  154  17:53  Widow Mine  
  148  18:01  Widow Mine  
  149  18:16  Widow Mine  
  131  18:34  Widow Mine  
  129  18:47  Starport  
  129  18:54  Engineering Bay  
  129  19:02  Armory  
  127  19:20  Refinery  
  127  19:24  Refinery  
  125  19:39  Starport Tech Lab  
  125  20:03  Fusion Core  
  125  20:05  Planetary Fortress  
  125  20:09  Missile Turret  
  119  20:30  Widow Mine  
  103  20:36  Barracks  
  103  20:50  Battlecruiser  
  109  20:59  Widow Mine  
  104  21:21  Widow Mine  
  87  22:13  Orbital Command  
  82  22:22  Orbital Command  
  82  23:05  Supply Depot  
  79  24:15  Orbital Command  
  64  26:02  Orbital Command  
Show
View Real Time Build Order
Export as new Build Order

MCanning Protoss - Winner!

Build Orders: 1 Gate Expand, Carriers 

Get SALT Encoding   

  12  0:00  Probe  
  13  0:12  Probe  
  14  0:19  Pylon  
  14  0:24  Probe  
  15  0:37  Gateway, Probe (Chrono Boost)  
  16  0:47  Probe (Chrono Boost), Assimilator  
  17  0:52  Probe (Chrono Boost)  
  18  1:03  Probe  
  19  1:15  Probe  
  20  1:21  Nexus  
  20  1:31  Cybernetics Core  
  20  1:35  Probe  
  20  1:39  Assimilator  
  21  1:49  Zealot (Chrono Boost)  
  21  1:54  Pylon  
  23  2:12  Probe  
  23  2:13  Adept (Chrono Boost)  
  23  2:14  Warp Gate  
  26  2:24  Probe  
  26  2:26  Shield Battery  
  27  2:33  Stalker (Chrono Boost)  
  27  2:36  Probe  
  29  2:53  Shield Battery  
  29  2:58  Stalker  
  29  3:00  Probe  
  29  3:01  Probe  
  29  3:22  Shield Battery  
  29  3:23  Probe  
  30  3:28  Stalker (Chrono Boost)  
  30  3:29  Robotics Facility  
  30  3:30  Pylon  
  32  3:38  Probe  
  33  3:43  Probe  
  34  3:50  Probe  
  34  3:55  Probe  
  32  4:02  Stalker, Probe, Pylon  
  35  4:07  Probe  
  36  4:14  Probe (Chrono Boost)  
  36  4:15  Gateway  
  37  4:19  Observer  
  39  4:25  Probe (Chrono Boost)  
  39  4:26  Gateway, Probe (Chrono Boost)  
  40  4:32  Sentry, Probe (Chrono Boost)  
  40  4:33  Probe (Chrono Boost)  
  44  4:40  Probe, Assimilator  
  44  4:42  Assimilator  
  44  4:44  Probe  
  44  4:45  Observer  
  47  4:51  Forge  
  47  4:52  Probe  
  48  4:56  Probe  
  48  4:59  Pylon  
  49  5:04  Probe  
  50  5:08  Robotics Bay, Probe  
  50  5:09  Zealot  
  53  5:15  Pylon  
  53  5:17  Probe  
  53  5:20  Probe  
  55  5:23  Stalker  
  57  5:29  Probe  
  57  5:32  Probe  
  57  5:34  Observer  
  58  5:39  Stalker  
  58  5:41  Probe (Chrono Boost)  
  60  5:44  Probe (Chrono Boost)  
  59  5:52  Probe (Chrono Boost)  
  59  5:54  Probe (Chrono Boost)  
  61  5:59  Gravitic Boosters  
  61  6:01  Stargate  
  61  6:08  Nexus  
  61  6:11  Probe x2 (Chrono Boost)  
  63  6:22  Stalker  
  63  6:23  Probe (Chrono Boost)  
  65  6:29  Probe (Chrono Boost)  
  65  6:30  Disruptor  
  65  6:31  Probe (Chrono Boost)  
  69  6:35  Probe (Chrono Boost)  
  69  6:37  Pylon  
  70  6:41  Photon Cannon  
  70  6:48  Observer  
  70  6:55  Probe x2  
  70  6:59  Fleet Beacon  
  70  7:00  Stargate  
  72  7:07  Probe x2  
  74  7:09  Pylon  
  74  7:10  Phoenix (Chrono Boost)  
  76  7:19  Probe x2  
  78  7:25  Probe  
  78  7:31  Probe x2  
  78  7:32  Disruptor (Chrono Boost)  
  78  7:33  Shield Battery  
  78  7:36  Photon Cannon  
  83  7:37  Probe  
  83  7:44  Probe x2, Phoenix x2 (Chrono Boost)  
  86  7:47  Assimilator  
  86  7:49  Probe, Assimilator  
  91  7:54  Observer, Pylon  
  91  7:56  Probe x2  
  93  8:01  Probe  
  93  8:04  Phoenix (Chrono Boost)  
  96  8:06  Photon Cannon  
  96  8:09  Protoss Air Weapons Level 1 (Chrono Boost)  
  96  8:13  Probe  
  96  8:16  Phoenix (Chrono Boost)  
  98  8:24  Probe  
  98  8:26  Probe x2  
  103  8:28  Phoenix (Chrono Boost)  
  103  8:32  Zealot  
  105  8:34  Phoenix  
  105  8:37  Pylon  
  105  8:38  Nexus  
  105  8:39  Observer, Pylon  
  105  8:41  Pylon  
  107  8:48  Protoss Ground Armor Level 1  
  107  8:50  Robotics Facility  
  107  8:51  Probe  
  107  8:52  Pylon x2  
  107  8:53  Disruptor  
  111  9:00  Carrier (Chrono Boost)  
  111  9:05  Probe  
  118  9:10  Probe  
  118  9:13  Probe  
  120  9:17  Probe  
  120  9:22  Probe, Carrier (Chrono Boost)  
  122  9:25  Probe  
  122  9:29  Probe  
  130  9:31  Stargate  
  130  9:33  Pylon x2  
  130  9:34  Probe  
  130  9:37  Photon Cannon  
  131  9:40  Photon Cannon  
  131  9:41  Probe  
  131  9:42  Shield Battery  
  132  9:48  Disruptor  
  132  9:49  Disruptor, Assimilator  
  138  9:54  Assimilator  
  138  9:59  Cybernetics Core  
  138  10:04  Pylon  
  138  10:09  Carrier (Chrono Boost)  
  138  10:10  Twilight Council  
  138  10:14  Pylon  
  144  10:24  Protoss Air Weapons Level 2 (Chrono Boost)  
  144  10:36  Gateway x2  
  144  10:38  Nexus  
  144  10:40  Observer, Pylon  
  152  10:42  Void Ray (Chrono Boost)  
  152  10:43  Carrier (Chrono Boost)  
  150  10:59  Pylon  
  149  11:04  Probe  
  149  11:06  Probe  
  149  11:07  Pylon  
  149  11:10  Photon Cannon  
  154  11:11  Void Ray  
  154  11:12  Photon Cannon, Protoss Air Armor Level 1 (Chrono Boost)  
  154  11:13  Charge (Chrono Boost)  
  154  11:14  Photon Cannon  
  154  11:17  Photon Cannon  
  154  11:18  Shield Battery  
  154  11:20  Templar Archives  
  154  11:21  Shield Battery  
  154  11:23  Pylon  
  154  11:27  Probe  
  154  11:32  Protoss Shields Level 1  
  160  11:39  Tempest (Chrono Boost)  
  160  11:40  Probe  
  160  11:44  Gateway  
  160  11:45  Gateway  
  161  11:52  Tempest (Chrono Boost)  
  164  12:00  Assimilator  
  170  12:02  Assimilator  
  170  12:03  Carrier (Chrono Boost)  
  170  12:07  Photon Cannon  
  170  12:08  Probe  
  171  12:16  Carrier (Chrono Boost)  
  171  12:17  Zealot x5  
  187  12:32  Forge  
  187  12:36  Blink (Chrono Boost)  
  187  12:41  Carrier (Chrono Boost)  
  187  12:46  Photon Cannon  
  187  12:50  Photon Cannon  
  187  12:51  Protoss Air Weapons Level 3 (Chrono Boost)  
  191  12:52  Void Ray, Shield Battery  
  191  13:06  Protoss Air Armor Level 2 (Chrono Boost)  
  191  13:13  Gateway x2  
  191  13:15  Gateway x2  
  191  13:18  Pylon  
  191  13:20  Stalker x3, Stargate  
  191  13:24  Unknown, Flux Vanes  
  198  13:38  Tempest (Chrono Boost)  
  186  13:45  Stalker, Void Ray (Chrono Boost)  
  186  13:46  Stalker x5  
  196  14:13  Void Ray x2  
  196  14:15  Zealot x4  
  199  14:18  Protoss Ground Weapons Level 1 (Chrono Boost)  
  199  14:19  Protoss Shields Level 2 (Chrono Boost)  
  199  14:23  Dark Shrine  
  185  14:45  Zealot x9  
  200  14:59  Shield Battery  
  200  15:02  Nexus  
  200  15:04  Pylon  
  182  15:17  Void Ray (Chrono Boost)  
  176  15:28  Void Ray x2 (Chrono Boost)  
  178  15:29  Carrier (Chrono Boost), High Templar x6  
  178  15:30  High Templar x5  
  194  15:36  Archon x4, Shadow Stride (Chrono Boost)  
  194  15:37  Archon  
  194  15:45  Shield Battery  
  194  15:46  Photon Cannon  
  198  16:01  Protoss Air Armor Level 3  
  198  16:02  Dark Templar  
  200  16:06  Void Ray (Chrono Boost)  
  197  16:19  Void Ray (Chrono Boost)  
  195  16:26  Pylon  
  195  16:40  Nexus  
  195  16:42  Pylon  
  195  17:00  Void Ray  
  194  17:28  Stalker x5, Observer  
  200  17:33  Dark Templar  
  182  17:38  Stalker x5  
  196  17:45  Void Ray x2  
  196  17:46  Void Ray  
  196  17:47  Observer  
  178  17:52  Observer  
  158  18:11  Stalker x9  
  158  18:12  Stalker x2  
  117  18:41  Probe  
  117  18:44  Void Ray (Chrono Boost)  
  113  18:53  Void Ray x2 (Chrono Boost)  
  104  18:55  Probe (Chrono Boost)  
  104  19:00  Probe (Chrono Boost)  
  106  19:04  Probe (Chrono Boost)  
  106  19:09  Stalker x3  
  113  19:10  Probe (Chrono Boost)  
  113  19:12  Tempest  
  113  19:15  Probe (Chrono Boost)  
  120  19:20  Probe (Chrono Boost)  
  121  19:24  Probe (Chrono Boost)  
  121  19:28  Probe (Chrono Boost)  
  121  19:29  Probe (Chrono Boost)  
  123  19:32  High Templar x3  
  123  19:33  High Templar  
  131  19:39  Assimilator  
  131  19:40  Archon  
  131  19:41  Archon  
  131  19:47  Zealot  
  134  19:53  Probe (Chrono Boost)  
  134  19:59  Probe (Chrono Boost)  
  136  20:08  Probe (Chrono Boost)  
  136  20:09  Probe (Chrono Boost)  
  136  20:13  Probe (Chrono Boost)  
  137  20:16  Probe  
  123  20:35  Stalker x3  
  121  20:36  Stalker x2  
  121  20:39  Probe (Chrono Boost)  
  130  20:49  Assimilator  
  130  20:53  Probe (Chrono Boost), Assimilator  
  129  21:02  Observer  
  129  21:05  Probe  
  129  21:10  Stalker x2  
  129  21:11  Stalker  
  115  21:49  Stalker  
  115  21:50  Stalker x3  
  121  22:09  Shield Battery  
  121  22:11  Shield Battery  
  121  22:12  Shield Battery  
  121  22:14  Shield Battery  
  121  22:22  Observer  
  121  22:57  Pylon  
  121  22:59  Pylon  
  121  23:06  Forge, Stargate  
  121  23:42  Photon Cannon  
  121  23:45  Photon Cannon  
  121  23:46  Photon Cannon  
  121  23:53  Photon Cannon  
  121  23:55  Photon Cannon  
  121  23:57  Observer  
  121  24:21  Observer  
  121  24:40  Pylon  
  121  24:43  Pylon  
  121  24:44  Pylon  
  121  24:46  Pylon  
  107  25:17  Pylon x2  
  107  25:20  Pylon  
  107  25:37  Photon Cannon  
  107  25:41  Void Ray (Chrono Boost)  
  111  25:46  Observer  
  111  25:57  Gateway  
  111  26:15  Pylon  
  111  26:30  Probe  
Tags
 
Add a new tag
Caveats
  • Supply blocks, unpowered buildings, or Contaminate may cause inaccurate times.
  • Supply counts are checked every 10 seconds.